 Dungeon Crawl Stone Soup version 0.16-a0-3389-g45633df (webtiles) character file.

278 BluebellGnoll the Sneak (level 6, 36/36 HPs)
             Began as an Octopode Wanderer on Dec 30, 2014.
             Quit the game on level 6 of the Dungeon.
             The game lasted 00:21:25 (4213 turns).

BluebellGnoll the Sneak (Octopode Wanderer)         Turns: 4213, Time: 00:21:26

Health: 36/36      AC:  1    Str: 11    XL:     6   Next: 26%
Magic:  11/12      EV: 12    Int: 16    God:
Gold:   243        SH:  0    Dex: 12    Spells: 3 memorised, 5 levels left

rFire  . . .     SeeInvis .     j - +0 short sword
rCold  . . .     Clarity  .     (no shield)
rNeg   + . .     SustAb   .     (helmet restricted)
rPois  .         Gourm    .     e - amulet of warding
rElec  .         Spirit   .     (no ring)
rCorr  .         Warding  +     (no ring)
rMut   .         Stasis   .     (no ring)
MR     .....                    (no ring)
Stlth  ++++......               (no ring)
                                (no ring)
                                (no ring)
                                (no ring)

@: not resistant to hostile enchantments, stealthy
A: almost no armour, amphibious, 8 rings, constrict 8, camouflage 1, gelatinous
body 1
a: no special abilities


You were on level 6 of the Dungeon.
You were not hungry.

You visited 1 branch of the dungeon, and saw 6 of its levels.

You collected 243 gold pieces.

Inventory:

Hand weapons
 i - a +4 hunting sling
 j - a +0 short sword (weapon)
 o - a +0 spear
Missiles
 f - 14 bolts
 g - 18 poisoned bolts
 s - 28 arrows
 w - 64 stones (quivered)
 A - 51 sling bullets
 E - 2 tomahawks
Jewellery
 e - an amulet of warding (around mantle)
Magical devices
 l - a wand of disintegration (24)
 x - a wand of slowing (2)
Scrolls
 k - 3 scrolls of remove curse
 m - a scroll of magic mapping
 y - 2 scrolls of teleportation
Potions
 c - 2 potions of lignification
 h - a potion of cancellation {unknown}
 n - a potion of cure mutation
 p - a potion of resistance
 z - a potion of restore abilities
Books
 a - a book of Frost

   Spells                             Type                      Level
   a - Freeze                         Ice                          1
   b - Throw Frost                    Conjuration/Ice              2
   c - Ozocubu's Armour               Charms/Ice                   3
   d - Throw Icicle                   Conjuration/Ice              4
   e - Summon Ice Beast               Ice/Summoning                4
   f - Condensation Shield            Ice                          4
 b - Borgnjor's Collected Works on Unholy Rituals

   Spells                             Type                      Level
   a - Animate Skeleton               Necromancy                   1
   b - Vampiric Draining              Necromancy                   3
Comestibles
 q - 3 meat rations
 t - a royal jelly
 u - 2 beef jerkies
 B - 3 bread rations
 D - 3 fruits


   Skills:
 - Level 1.8 Short Blades
 - Level 1.0 Throwing
 - Level 2.7 Dodging
 * Level 5.5 Stealth
 - Level 3.0 Spellcasting
 - Level 1.7 Conjurations
   Level 1.0 Transmutations
 + Level 3.4 Ice Magic
   Level 1.0 Air Magic
 - Level 1.1 Evocations


You had 5 spell levels left.
You knew the following spells:

 Your Spells              Type           Power        Failure   Level  Hunger
a - Freeze                Ice            ##..         6%          1    #......
b - Throw Frost           Conj/Ice       ##....       12%         2    ##.....
c - Ozocubu's Armour      Chrm/Ice       #.......     34%         3    ###....


Dungeon Overview and Level Annotations

Branches:
Dungeon (6/15)             Temple (0/1) D:6

Altars:
Yredelemnul
The Shining One

Shops:
D:5 %

Portals:
Ossuary: D:6

Annotations:
D:4 archlich's ghost, weakling DsEn
D:5 runewalsh's ghost, experienced OpIE
D:6 Prince Ribbit


Innate Abilities, Weirdness & Mutations

You cannot wear most types of armour.
You are amphibious.
You can wear up to eight rings at the same time.
You can use your tentacles to constrict many enemies at once.
Your skin changes colour to match your surroundings (Stealth).
Your rubbery body absorbs attacks (AC +1).


Message History

Prince Ribbit gives a loud, deep croak!
The adder closely misses you.
Prince Ribbit blinks!
Casting: Freeze
Confirm with . or Enter, or press ? or * to list all spells.
Aiming: Freeze
Press: ? - help, Shift-Dir - straight line, f - adder
Aim: an adder You freeze the adder.
The adder seems to slow down.
The adder is heavily wounded.
The adder barely misses you.
You miss the adder. You grab the adder.
The adder is heavily wounded.
You constrict the adder. The adder closely misses you.
You hit the adder but do no damage. You squeeze the adder.
The adder is almost dead.
You constrict the adder.
You kill the adder!
Drink which item? (? for menu, Esc to quit)
Okay, then.
Are you sure you want to abandon this character and quit the game? (Confirm with "yes".)

################.
####....@..(../.....
#.....######........
#)..>.+ ..∩....
#.....# ....F..
#.....+ .....##
#.....# ..#.##
#.....# ..#.#
#.....# ..# #.....#
>


There were no monsters in sight!

Vanquished Creatures
  2 crimson imps
  3 worker ants
  6 adders
  A giant mite (D:2)
  A shadow imp (D:5)
  2 oozes (D:1)
  An orc (D:5)
  2 ball pythons
  4 bats
  5 goblins
  6 hobgoblins
  6 jackals
  A quokka (D:2)
  2 giant geckos
  3 giant newts
  10 kobolds
  A quokka skeleton (D:5)
  6 rats
62 creatures vanquished.

Notes
Turn   | Place    | Note
--------------------------------------------------------------
     0 | D:1      | BluebellGnoll, the Octopode Wanderer, began the quest for the Orb.
     0 | D:1      | BluebellGnoll set off with: a book of Frost, Borgnjor's Collected Works on Unholy Rituals, a potion of lignification, a +0 dagger, a bread ration
     0 | D:1      | Reached XP level 1. HP: 11/11 MP: 4/4
     0 | D:1      | Identified Borgnjor's Collected Works on Unholy Rituals
    20 | D:1      | Reached skill level 1 in Stealth
    23 | D:1      | Learned a level 1 spell: Freeze
   587 | D:1      | Reached XP level 2. HP: 15/17 MP: 4/6
  1079 | D:1      | Reached XP level 3. HP: 11/21 MP: 2/7
  1306 | D:1      | Reached skill level 4 in Stealth
  1835 | D:2      | Found a glowing golden altar of the Shining One.
  1908 | D:2      | Reached skill level 1 in Dodging
  1953 | D:2      | Reached skill level 1 in Short Blades
  2309 | D:2      | Reached XP level 4. HP: 23/27 MP: 9/9
  3061 | D:3      | Learned a level 2 spell: Throw Frost
  3173 | D:3      | Noticed archlich's ghost (weakling DsEn)
  3283 | D:3      | Reached skill level 1 in Conjurations
  3283 | D:3      | Reached XP level 5. HP: 3/31 MP: 0/11
  3555 | D:4      | Noticed archlich's ghost (weakling DsEn)
  3559 | D:5      | Entered Level 5 of the Dungeon
  3584 | D:5      | Found Zami Broi's Food Shoppe.
  3585 | D:5      | Found a basalt altar of Yredelemnul.
  3617 | D:5      | Learned a level 3 spell: Ozocubu's Armour
  3906 | D:5      | Reached skill level 5 in Stealth
  3906 | D:5      | Reached XP level 6. HP: 36/36 MP: 12/12
  3947 | D:5      | Noticed runewalsh's ghost (experienced OpIE)
  4204 | D:6      | Found a sand-covered staircase.
  4206 | D:6      | Noticed Prince Ribbit
  4206 | D:6      | Found a staircase to the Ecumenical Temple.
  4213 | D:6      | Quit the game

Action                   |  1- 3 |  4- 6 || total
-------------------------+-------+-------++-------
Melee: Dagger            |    10 |       ||    10
       Short sword       |    24 |    29 ||    53
 Fire: Hunting sling     |       |    37 ||    37
 Cast: Freeze            |    32 |    26 ||    58
  Use: Scroll            |       |    12 ||    12
       Potion            |       |     4 ||     4
 Stab: Sleeping          |     7 |     8 ||    15
  Eat: Chunk             |     2 |     4 ||     6
       Bread ration      |     1 |       ||     1
